 Dungeon Crawl Stone Soup version 0.25-a0-110-ge29c8f2358 (webtiles) character file.

Game seed: 5816087745978361930, levelgen mode: deterministic

553 Myrm the Slasher (level 7, 0/60 HPs)
             Began as a Grey Draconian Berserker on Nov 19, 2019.
             Was an Elder of Trog.
             Succumbed to a gnoll's poison
             ... on level 4 of the Dungeon.
             The game lasted 00:31:22 (3568 turns).

Myrm the Slasher (Grey Draconian Berserker)         Turns: 3568, Time: 00:31:23

Health: 0/60       AC: 12    Str: 21    XL:     7   Next: 8%
Magic:  6/6        EV: 14    Int:  7    God:    Trog [****..]
Gold:   151        SH:  0    Dex: 13    Spells: 6/6 levels left

rFire    . . .     SeeInvis .   a - +0 falchion
rCold    . . .     Gourm    .   (no shield)
rNeg     . . .     Faith    .   (armour unavailable)
rPois    .         Spirit   .   (helmet restricted)
rElec    .         Reflect  .   (no cloak)
rCorr    .         Harm     .   (no gloves)
MR       .....                  (no boots)
Stlth    +++.......             (no amulet)
HPRegen  0.20/turn              c - ring of stealth
MPRegen  0.10/turn              (no ring)

@: lethally poisoned (0 -> -21)
A: walk through water, unfitting armour, agile 1, low mp 1, shaggy fur 1,
unbreathing, cold-blooded, AC +11
a: Berserk, Trog's Hand, Brothers in Arms, Renounce Religion


You were on level 4 of the Dungeon.
You worshipped Trog.
Trog was greatly pleased with you.
You were not hungry.

You visited 1 branch of the dungeon, and saw 4 of its levels.

You collected 151 gold pieces.

Inventory:

Hand Weapons
 a - a +0 falchion (weapon)
 i - a +0 mace of crushing
 l - a +0 war axe
Jewellery
 c - a ring of stealth (left hand)
Scrolls
 d - 2 scrolls of remove curse
Potions
 e - 2 potions of mutation
 f - 2 potions of heal wounds {unknown}
 g - 2 potions of lignification
 h - a potion of brilliance {unknown}
 j - a potion of agility {unknown}
 k - a potion of berserk rage {unknown}
Comestibles
 b - 6 rations


   Skills:
 + Level 4.8 Fighting
 + Level 6.0 Long Blades
 + Level 4.4 Dodging
 + Level 1.6 Stealth


You had 6 spell levels left.
You didn't know any spells.
Your spell library was empty.

Dungeon Overview and Level Annotations

Branches:
Dungeon (4/15)
 Temple: D:4-7

Altars:
Ashenzari
Cheibriados
Fedhas
Nemelex Xobeh
Okawaru
Qazlal
Yredelemnul
The Shining One


Innate Abilities, Weirdness & Mutations

You can walk through water.
Your dull iron-grey scales are very hard. (AC +11)
You cannot fit into any form of body armour.
You can survive without breathing.
You are cold-blooded and may be slowed by cold attacks.
You are agile. (Dex +2)
Your magical capacity is low. (-10% MP)
You are covered in fur. (AC +1)


Message History

You feel sick. The gnoll barely misses you.
* * * LOW HITPOINT WARNING * * *
You feel sick. The gnoll barely misses you.
* * * LOW HITPOINT WARNING * * *
You feel sick. The gnoll closely misses you.
* * * LOW HITPOINT WARNING * * *
You feel sick. The gnoll hits you but does no damage.
* * * LOW HITPOINT WARNING * * *
You feel sick. The gnoll barely misses you.
* * * LOW HITPOINT WARNING * * *
You feel sick. The gnoll hits you but does no damage.
You are more poisoned.
* * * LOW HITPOINT WARNING * * *
You feel sick.
* * * LOW HITPOINT WARNING * * *
You feel sick.
The gnoll hits you from afar with a +0 spear of venom.
* * * LOW HITPOINT WARNING * * *
You are more poisoned.
You die...

#.#########.# #.
#...........## ###.#
#####..#...### ...#
#######.##.#### #..#
#.......##..... #O #..#
#.########.####
...###..# #.########.#
.......#####<#........#
...#.....@...#.########
.....#..[....#.#
##.#...g###.##.##
#.##.###...... #.
#.#........ #
#)#.........
#....s......
###.........
#..........


You could see a gnoll.

Vanquished Creatures
  A scorpion (D:4)
  A howler monkey (D:4)
  A hound (D:2)
  2 orc priests (D:4)
  3 orc wizards (D:4)
  A centaur skeleton (D:4)
  An iguana (D:4)
  A worker ant (D:4)
  2 gnolls (D:4)
  5 adders
  A river rat (D:4)
  An ooze (D:2)
  2 worms
  7 dart slugs
  3 leopard geckos
  8 orcs
  13 bats
  9 giant cockroaches
  10 hobgoblins
  9 jackals (D:3)
  4 quokkas
  3 ball pythons
  A frilled lizard (D:2)
  13 goblins
  9 kobolds
  A quokka skeleton (D:4)
  11 rats
123 creatures vanquished.

Notes
Turn   | Place    | Note
-------+----------+-------------------------------------------
     0 | D:1      | Myrm the Draconian Berserker began the quest for the Orb.
     0 | D:1      | Reached XP level 1. HP: 19/19 MP: 1/1
    75 | D:1      | Reached XP level 2. HP: 15/26 MP: 2/2
   618 | D:1      | Reached ** piety under Trog
   618 | D:1      | Reached XP level 3. HP: 33/33 MP: 3/3
   867 | D:2      | Reached skill level 4 in Long Blades
   867 | D:2      | Reached XP level 4. HP: 32/40 MP: 4/4
  1248 | D:2      | Reached *** piety under Trog
  1372 | D:3      | Found an iron altar of Okawaru.
  1611 | D:3      | Reached XP level 5. HP: 38/46 MP: 5/5
  2257 | D:3      | Found a glowing golden altar of the Shining One.
  2643 | D:4      | Reached skill level 1 in Stealth
  2675 | D:4      | Reached skill level 5 in Long Blades
  2675 | D:4      | Reached XP level 6. HP: 20/53 MP: 6/6
  2746 | D:4      | Gained mutation: You are covered in fur. (AC +1) [potion of
                  | mutation]
  2746 | D:4      | Gained mutation: Your magical capacity is low. (-10% MP)
                  | [potion of mutation]
  2746 | D:4      | Gained mutation: You are agile. (Dex +2) [potion of
                  | mutation]
  2920 | D:4      | Reached **** piety under Trog
  3007 | D:4      | Noticed a water elemental
  3009 | D:4      | Found a stormy altar of Qazlal.
  3055 | D:4      | Noticed a fire elemental
  3055 | D:4      | Noticed an air elemental
  3214 | D:4      | Got a pitted falchion
  3215 | D:4      | Identified the cursed +1 falchion "Juisasyps" {pain, Str+3}
                  | (You found it on level 4 of the Dungeon)
  3354 | D:4      | Found a snail-covered altar of Cheibriados.
  3391 | D:4      | Found a shattered altar of Ashenzari.
  3457 | D:4      | Found a basalt altar of Yredelemnul.
  3457 | D:4      | Found a blossoming altar of Fedhas.
  3525 | D:4      | Found a sparkling altar of Nemelex Xobeh.
  3548 | D:4      | Your scales start taking on a dull iron-grey colour.
  3548 | D:4      | Reached XP level 7. HP: 42/60 MP: 6/6
  3548 | D:4      | Gained mutation: You can survive without breathing. [Grey
                  | Draconian growth]
  3556 | D:4      | Reached skill level 6 in Long Blades
  3567 | D:4      | HP: 2/60 [gnoll/+0 spear of venom (3)]
  3568 | D:4      | Succumbed to a gnoll's poison

Levels and vault maps discovered:
D:1:      minmay_arrival_checkered_box, layout_loops_ring
D:2:      minmay_diamond_boxcup, layout_rooms
D:3:      layout_basic, okawaru_gym_becter, tso_metal_star, first_ration,
          chequers_serial_rivers_small_a
D:4:      layout_loops_ring, cheibriados_altar_1,
          nemelex_xobeh_ov_fountains_minmay, gammafunk_temple_overflow_statue,
          nicolae_qazlal_style_of_elements, portal_sewer_entry_e,
          lemuel_tele_altar

Skill      XL: |  1  2  3  4  5  6  7 |
---------------+----------------------+-----
Dodging        | 3 4 |  4.4
Fighting       | 4 |  4.8
Long Blades    | 4 5 6 |  6.0
Stealth        | 1 |  1.6

Action                   |  1- 3 |  4- 6 |  7- 9 || total
-------------------------+-------+-------+-------++-------
Melee: Falchion          |    98 |   294 |     8 ||   400
       Tailslap          |    12 |    50 |     1 ||    63
  Use: Scroll            |     3 |     6 |       ||     9
       Potion            |       |     2 |       ||     2
 Stab: Sleeping          |       |     3 |       ||     3
  Eat: Ration            |       |     3 |       ||     3
Armor: Skin              |    54 |   117 |     4 ||   175
Dodge: Dodged            |   117 |   229 |    12 ||   358
       Rpst.: Falchion   |    30 |    70 |     1 ||   101

Table legend:
 A = Non-vault XP
 B = Vault XP
 C = Vault XP percentage of total XP
 D = Non-vault monster count
 E = Vault monster count
 F = Vault count percentage of total count
                 A         B        C        D         E       F
            +---------+---------+-------+---------+---------+-------
      Total |     754 |      37 |   4.7 |     108 |      15 |  12.2
            +---------+---------+-------+---------+---------+-------
        D:1 |      46 |       0 |   0.0 |      24 |       0 |   0.0
        D:2 |     112 |      13 |  10.4 |      30 |       7 |  18.9
        D:3 |     102 |       0 |   0.0 |      32 |       0 |   0.0
        D:4 |     494 |      24 |   4.6 |      22 |       8 |  26.7
            +---------+---------+-------+---------+---------+-------
